 Dungeon Crawl Stone Soup version 0.25-b1-39-g0d900dab71 (webtiles) character file.

Game seed: 17494561651529332382

1005 gruber the Fighter (level 8, -3/72 HPs)
             Began as a Demonspawn Chaos Knight on June 7, 2020.
             Was a Plaything of Xom.
             Slain by a gnoll
             ... wielding a +0 spear
              (5 damage)
             ... on level 5 of the Dungeon.
             The game lasted 00:05:16 (4188 turns).

gruber the Fighter (Demonspawn Chaos Knight)        Turns: 4188, Time: 00:05:17

Health: -3/72      AC:  7    Str: 14    XL:     8   Next: 0%
Magic:  8/8        EV: 11    Int: 15    God:    Xom [.*....]
Gold:   291        SH:  0    Dex: 12    Spells: 7/7 levels left

rFire    . . .     SeeInvis .   a - +0 spear (chaos)
rCold    . . .     Gourm    .   (no shield)
rNeg     + . .     Faith    .   x - +1 leather armour of the Grue {rN+ Slay+2}
rPois    .         Spirit   .   (helmet restricted)
rElec    .         Reflect  .   (no cloak)
rCorr    .         Harm     .   w - +0 pair of gloves
MR       .....                  (no boots)
Stlth    +.........             f - amulet of magic regeneration
HPRegen  0.22/turn              (no ring)
MPRegen  0.36/turn              (no ring)

@: mighty, lethally poisoned (-3 -> -7)
A: horns 1, talons 1, molten scales 1, spiny 1, rot immunity
a: Renounce Religion


You were on level 5 of the Dungeon.
You worshipped Xom.
You were a plaything of Xom.
You were not hungry.

You visited 1 branch of the dungeon, and saw 5 of its levels.

You collected 291 gold pieces.

Inventory:

Hand Weapons
 a - a +0 spear of chaos (weapon)
Missiles
 g - 30 poisoned darts (quivered)
Armour
 w - a +0 pair of gloves (worn)
 x - the +1 leather armour of the Grue (worn) {rN+ Slay+2}
   (You found it on level 5 of the Dungeon)

   It affects your accuracy and damage with ranged weapons and melee attacks
   (+2).
   It protects you from negative energy.
Jewellery
 f - an amulet of magic regeneration (around neck)
Wands
 b - a wand of polymorph (7)
 n - a wand of random effects (19)
Scrolls
 i - 4 scrolls of identify
 k - 5 scrolls of remove curse
 m - a scroll of blinking {unknown}
 p - a scroll of immolation {unknown}
 q - a scroll of magic mapping {unknown}
 s - a scroll of enchant armour {unknown}
 t - a scroll of teleportation {unknown}
Potions
 d - a potion of cancellation
 j - a potion of might
 l - a potion of heal wounds {unknown}
 o - a potion of stabbing {unknown}
 r - a potion of haste {unknown}
 u - a potion of flight {unknown}
 v - a potion of invisibility {unknown}
Comestibles
 c - 14 rations
 h - a chunk of flesh


   Skills:
 * Level 9.7 Fighting
 - Level 2.6 Polearms
 - Level 1.7 Armour
 - Level 0.8 Dodging


You had 7 spell levels left.
You didn't know any spells.
Your spell library was empty.

Dungeon Overview and Level Annotations

Branches:
Dungeon (5/15)
 Temple: D:4-7

Altars:
Kikubaaqudgha
Makhleb
Nemelex Xobeh

Shops:
D:5 (


Innate Abilities, Weirdness & Mutations

You have sharp toenails.
You are partially covered in molten scales. (AC +2)
You are partially covered in sharp spines.
You are immune to rotting.
You have a pair of small horns on your head.


Message History

The crimson imp blinks!
You feel better.
The gnoll sergeant hits you but does no damage.
You are poisoned.
The gnoll hits you from afar with a +0 spear.
* * * LOW HITPOINT WARNING * * *
Unknown command.
Unknown command.
Unknown command.
Attack whom?
Press: ? - help, Dir - move target cursor, f/p - gnoll sergeant
Aim: a gnoll sergeant, wielding a +1 trident of venom and wearing a +0 scale mail (moderately wounded)
You reach to attack!
You closely miss the gnoll sergeant.
The gnoll sergeant is moderately wounded.
You feel sick.
The gnoll sergeant hits you from afar with a +1 trident of venom!
* * * LOW HITPOINT WARNING * * *
The gnoll hits you from afar with a +0 spear.
You die...
Xom giggles madly!

######### #.......# . #.......#
.. #.......# ...#### #.......#
.......#### #.......#######
.......)..########.......#.....#
.......g)..ZZg)@.g.......'.)....
#.....g##..#######.......#......
#.....Z ##5# #'#######......
#.....g #... .... #......
#(..... ##... ...... #......
#...... ........... #......
'...... ...........# #######
#...... #.... ..... # ..... .


You could see a gnoll sergeant, a gnoll, a bullfrog zombie and a worker ant
zombie.

Vanquished Creatures
  A sky beast (D:5)
  A black bear (D:3)
  2 ogres (D:5)
  A centaur (D:5)
  A howler monkey (D:3)
  5 orc wizards
  Terence (D:3)
  Natasha (thrice) (D:2)
  3 worker ants (D:4)
  Robin (D:2)
  A gnoll (D:5)
  8 adders
  A shadow imp (D:5)
  2 oozes
  An adder skeleton (D:4)
  6 worms (D:2)
  4 leopard geckos
  14 orcs
  5 giant cockroaches
  16 goblins
  13 hobgoblins
  4 jackals (D:2)
  2 ball pythons (D:3)
  6 bats
  5 frilled lizards
  7 kobolds
  6 rats
120 creatures vanquished.

Vanquished Creatures (collateral kills)
  2 gnolls (D:5)
2 creatures vanquished.

Grand Total: 122 creatures vanquished

Notes
Turn   | Place    | Note
-------+----------+-------------------------------------------
     0 | D:1      | gruber the Demonspawn Chaos Knight began the quest for the
                  | Orb.
     0 | D:1      | Reached XP level 1. HP: 18/18 MP: 1/1
    23 | D:1      | XOM: potion effect (invisibility)
    54 | D:1      | XOM: silly message
    64 | D:1      | XOM: silly message
   121 | D:1      | Gained mutation: You are partially covered in molten
                  | scales. (AC +2) [demonic ancestry]
   121 | D:1      | Reached XP level 2. HP: 24/24 MP: 2/2
   150 | D:1      | XOM: potion effect (stabbing)
   324 | D:1      | Reached skill level 4 in Fighting
   326 | D:1      | XOM: silly message
   699 | D:2      | Noticed Robin
   702 | D:2      | Gained mutation: You are immune to rotting. [demonic
                  | ancestry]
   702 | D:2      | Reached XP level 3. HP: 30/30 MP: 3/3
   953 | D:2      | XOM: potion effect (curing)
   955 | D:2      | XOM: potion effect (brilliance)
   984 | D:2      | Killed Robin
   984 | D:2      | Reached XP level 4. HP: 34/38 MP: 4/4
   990 | D:2      | Reached skill level 5 in Fighting
  1029 | D:2      | XOM: 2-stop teleportation journey
  1030 | D:2      | Noticed Natasha
  1032 | D:2      | XOM: silly message
  1046 | D:2      | XOM: potion effect (heal wounds)
  1052 | D:2      | Killed Natasha
  1097 | D:2      | XOM: silly message
  1153 | D:2      | XOM: cast spell 'Disjunction'
  1286 | D:2      | Noticed Natasha
  1297 | D:2      | Killed Natasha
  1297 | D:2      | Gained mutation: You are partially covered in sharp spines.
                  | [demonic ancestry]
  1297 | D:2      | Reached XP level 5. HP: 32/46 MP: 5/5
  1334 | D:2      | XOM: fake destruction
  1360 | D:2      | Noticed Natasha
  1370 | D:2      | XOM: cast spell 'Disjunction'
  1375 | D:2      | Killed Natasha
  1375 | D:2      | Reached skill level 6 in Fighting
  1508 | D:2      | XOM: 1-stop teleportation journey
  1800 | D:2      | XOM: god gift: 4 rations
  2199 | D:3      | Reached XP level 6. HP: 48/53 MP: 6/6
  2203 | D:3      | XOM: noise
  2218 | D:3      | Reached skill level 7 in Fighting
  2281 | D:3      | Found an ancient bone altar of Kikubaaqudgha.
  2636 | D:3      | XOM: noise
  2836 | D:3      | Noticed Terence
  2852 | D:3      | Killed Terence
  3264 | D:4      | Found a sparkling altar of Nemelex Xobeh.
  3266 | D:4      | Found a burning altar of Makhleb.
  3357 | D:4      | Reached skill level 8 in Fighting
  3436 | D:4      | Reached XP level 7. HP: 62/62 MP: 7/7
  3673 | D:4      | XOM: silly message
  3911 | D:4      | XOM: give mutations
  3911 | D:4      | Gained mutation: You have large cloven feet. [Xom's grace]
  3911 | D:4      | Gained mutation: You have a pair of small horns on your
                  | head. [Xom's grace]
  3935 | D:5      | Entered Level 5 of the Dungeon
  3941 | D:5      | XOM: summons 7 friendly demons
  4031 | D:5      | Got a smoking leather armour
  4032 | D:5      | Identified the +1 leather armour of the Grue {rN+ Slay+2}
                  | (You found it on level 5 of the Dungeon)
  4063 | D:5      | XOM: enchant monster (good)
  4066 | D:5      | Reached skill level 9 in Fighting
  4073 | D:5      | XOM: cast spell 'Olgreb's Toxic Radiance'
  4139 | D:5      | Found Togadeff's Weapon Shop.
  4158 | D:5      | XOM: summons 7 friendly demons
  4181 | D:5      | XOM: noise
  4183 | D:5      | Lost mutation: You have large cloven feet. [demonic
                  | ancestry]
  4183 | D:5      | Gained mutation: You have sharp toenails. [demonic
                  | ancestry]
  4183 | D:5      | Reached XP level 8. HP: 10/72 MP: 8/8
  4183 | D:5      | HP: 3/72 [gnoll sergeant/+1 trident of venom (7)]
  4188 | D:5      | HP: 2/72 [gnoll sergeant/+1 trident of venom (12)]
  4188 | D:5      | Slain by a gnoll

Illustrated notes

Levels and vault maps discovered:
D:1:      minmay_arrival_stair_chambers, layout_basic
D:2:      layout_loops_ring, uniq_robin, uniq_natasha
D:3:      layout_loops_ring, kiku_gazebo_garden_becter, uniq_terence
D:4:      layout_gridville, nicolae_overflow_hidden_temple, first_ration
D:5:      layout_basic, serial_shops, shop

Skill      XL: |  1  2  3  4  5  6  7 |
---------------+----------------------+-----
Fighting       | 4 5 6 8 9 |  9.7
Polearms       | |  2.6
Armour         | |  1.7
Dodging        | |  0.8

Action                   |  1- 3 |  4- 6 |  7- 9 || total
-------------------------+-------+-------+-------++-------
Melee: Spear             |   140 |   249 |    75 ||   464
       Headbutt          |       |       |     7 ||     7
       Kick              |       |       |     6 ||     6
Evoke: Wand              |       |       |     4 ||     4
  Use: Scroll            |       |     2 |     1 ||     3
       Potion            |       |       |     3 ||     3
 Stab: Sleeping          |     3 |     1 |     1 ||     5
       Invisible         |     1 |       |       ||     1
       Petrifying        |     1 |       |       ||     1
       Paralysed         |       |       |     2 ||     2
  Eat: Chunk             |       |     7 |     4 ||    11
Armor: Leather armour    |    62 |    67 |    21 ||   150
Dodge: Dodged            |    65 |   118 |    24 ||   207
